 Dungeon Crawl Stone Soup version 0.27.1-34-g3ba077fa99 (webtiles) character file.

Game seed: 8216201696563921715

2311 Delamore the Covert (level 9, -7/54 HPs)
             Began as an Octopode Brigand on Jan 18, 2022.
             Mangled by a killer bee (9 damage)
             ... on level 6 of the Dungeon.
             The game lasted 00:07:35 (8204 turns).

Delamore the Covert (Octopode Brigand)              Turns: 8204, Time: 00:07:36

Health: -7/54      AC:  1    Str: 10    XL:     9   Next: 41%
Magic:  9/9        EV: 13    Int: 14    God:
Gold:   361        SH:  5    Dex: 16    Spells: 8/8 levels left

rFire    x . .     SeeInvis +   z - +7 dagger of Circularity {vorpal, rN+}
rCold    + . .     Faith    .   (no shield)
rNeg     + + .     Spirit   .   (helmet restricted)
rPois    .         Reflect  +   l - amulet of reflection
rElec    +         Harm     .   j - ring of see invisible
rCorr    .         Rampage  .   A - ring of Seapta Weorr {Ice rElec rN+ Slay+3}
Will     .....                  (no ring)
Stlth    ++++++....             (no ring)
HPRegen  0.18/turn              (no ring)
MPRegen  0.11/turn              (no ring)
                                (no ring)
                                (no ring)

@: hasted, very quick
A: almost no armour, amphibious, 8 rings, camouflage 1, gelatinous body 1,
(nimble swimmer 1), tentacles
a: no special abilities


You were on level 6 of the Dungeon.
You visited 1 branch of the dungeon, and saw 7 of its levels.

You collected 361 gold pieces.

Inventory:

Hand Weapons
 a - a +2 dagger
 k - a +1 dagger of venom
 y - a +3 quick blade
 z - the +7 dagger of Circularity (weapon) {vorpal, rN+}
   (You found it on level 6 of the Dungeon)

   It inflicts extra damage upon your enemies.
   rN:        It protects you from negative energy.
Missiles
 b - 35 poisoned darts (quivered)
 c - 2 curare-tipped darts
 o - 6 boomerangs
Armour
 v - a +0 kite shield
Jewellery
 j - a ring of see invisible (left tentacle)
 l - an amulet of reflection (around mantle)
 A - the ring of Seapta Weorr (right tentacle) {Ice rElec rN+ Slay+3}
   (You found it on level 6 of the Dungeon)

   [ring of ice]

   It enhances your ice magic.
   Slay:      It affects your accuracy & damage with ranged weapons and melee
   (+3).
   rF:        It makes you vulnerable to fire.
   rC:        It protects you from cold.
   rElec:     It insulates you from electricity.
   rN:        It protects you from negative energy.
Wands
 r - a wand of digging (9)
 x - a wand of mindburst (10)
 B - a wand of flame (18)
 C - a wand of acid (10)
Scrolls
 e - 2 scrolls of teleportation
 n - a scroll of vulnerability
 q - a scroll of magic mapping
 u - 3 scrolls of enchant armour
Potions
 d - 3 potions of degeneration {unknown}
 f - a potion of berserk rage {unknown}
 g - a potion of curing
 h - a potion of might {unknown}
 i - a potion of attraction {unknown}
 m - a potion of mutation {unknown}
 p - 2 potions of cancellation
 s - a potion of flight {unknown}
 t - 2 potions of haste
 w - 2 potions of heal wounds {unknown}
 D - a potion of brilliance {unknown}


   Skills:
 - Level 2.0 Fighting
 + Level 8.8 Short Blades
 - Level 2.0 Throwing
 - Level 1.0 Dodging
 + Level 12.8 Stealth
 + Level 2.1 Evocations


You had 8 spell levels left.
You didn't know any spells.
Your spell library contained the following spells:

 Spells                   Type           Power      Damage    Failure   Level
 Corona                   Hex            0%         N/A       28%         1
 Ensorcelled Hibernation  Hex/Ice        0%         N/A       41%         2
 Tukima's Dance           Hex            0%         N/A       65%         3


Dungeon Overview and Level Annotations

Branches:
Dungeon (7/15)
 Temple: D:4-7

Altars:
Okawaru
Qazlal


Innate Abilities, Weirdness & Mutations

You cannot wear most types of armour.
You are amphibious.
You can wear up to eight rings at the same time.
Your skin changes colour to match your surroundings (Stealth+).
Your rubbery body absorbs attacks. (AC +1, EV +1)
((You are camouflaged near water. (Stealth+)))
You have tentacles for arms and can constrict up to eight enemies at once.


Message History

You release your grip on the wight.
The killer bee closely misses you. The killer bee stings you!
The killer bee stings you.
You are poisoned.
The killer bee poisons you! The killer bee stings you!
You feel sick. You block the killer bee's attack. x2
The killer bee stings you!
There is a stone staircase leading up, spattered with blood here.
You feel sick. The killer bee closely misses you.
The killer bee barely misses you. The killer bee stings you.
You are more poisoned.
The killer bee poisons you! The killer bee stings you.
You climb upwards.
You feel very sick.
There is a stone staircase leading down here.
You hit the killer bee but do no damage.
You grab the killer bee. You constrict the killer bee.
You feel sick. The killer bee misses you. You block the killer bee's attack.
You closely miss the killer bee.
The killer bee is lightly wounded.
You constrict the killer bee.
You feel sick. The killer bee stings you!
* * * LOW HITPOINT WARNING * * *
The killer bee stings you.
* * * LOW HITPOINT WARNING * * *
You feel better.
You constrict the killer bee, but do no damage.
The killer bee closely misses you. You block the killer bee's attack. x2
The killer bee stings you.
* * * LOW HITPOINT WARNING * * *
Okay, then.
Okay, then.
It was a potion of cancellation.
You feel magically purged.
You constrict the killer bee, but do no damage.
You block the killer bee's attack. The killer bee stings you.
* * * LOW HITPOINT WARNING * * *
You block the killer bee's attack. The killer bee closely misses you.
It was a potion of haste.
You feel yourself speed up.
You constrict the killer bee. The killer bee barely misses you.
The killer bee stings you!
You die...

########## #........#
#.######.# #.# #.#
####.######.#######
###.....y@..........#
#....#...y[.#.#####.#
#.#..#..))..#.# #.#
#....#...))...# #.#
#.#.....#.#.### #>#
########....####.#.#
##.## .......#....#
#.#.# ##.#.##
.#####.#....####+#.#
##.###.## .#
###.##..........#
##.## ##.##


You could see 2 killer bees.

Vanquished Creatures
  Sigmund (D:2)
  Eustachio (D:6)
  2 water moccasins
  A sky beast (D:5)
  A black bear (D:5)
  A necrophage (D:7)
  Blork the orc (D:4)
  2 bullfrogs
  2 scorpions
  2 water moccasin skeletons (D:6)
  9 killer bees
  2 howler monkeys
  An orc priest (D:6)
  2 jellies
  Crazy Yiuf (D:4)
  2 hounds
  Jessica (D:2)
  3 iguanas
  Ijyb (D:5)
  A gnoll shaman (D:6)
  An orc wizard (D:7)
  A hound skeleton (D:4)
  2 hound zombies (D:5)
  5 gnolls (D:6)
  13 adders
  A white imp (D:5)
  An ufetubus (D:6)
  2 adder skeletons (D:4)
  A worm (D:3)
  3 dart slugs
  11 orcs
  6 endoplasms
  2 giant cockroaches (D:1)
  13 goblins
  5 hobgoblins
  2 jackals (D:4)
  4 quokkas
  4 ball pythons
  8 bats
  2 kobolds (D:1)
  A quokka skeleton (D:4)
  4 rats
129 creatures vanquished.

Vanquished Creatures (others)
  A fungus (D:1)
1 creature vanquished.

Grand Total: 130 creatures vanquished

Notes
Turn   | Place    | Note
-------+----------+-------------------------------------------
     0 | D:1      | Delamore the Octopode Brigand began the quest for the Orb.
     0 | D:1      | Reached XP level 1. HP: 14/14 MP: 1/1
    77 | D:1      | Reached XP level 2. HP: 16/19 MP: 2/2
   489 | D:1      | Reached skill level 6 in Stealth
   495 | D:1      | Reached XP level 3. HP: 12/24 MP: 3/3
  1024 | D:1      | Found a faded altar of an unknown god.
  1345 | D:2      | Noticed Sigmund
  1349 | D:2      | Killed Sigmund
  1350 | D:2      | Reached skill level 7 in Stealth
  1350 | D:2      | Reached XP level 4. HP: 29/29 MP: 4/4
  1350 | D:2      | Reached XP level 5. HP: 34/34 MP: 5/5
  1734 | D:2      | Noticed Jessica
  1741 | D:2      | Killed Jessica
  1742 | D:2      | Reached skill level 8 in Stealth
  1742 | D:2      | Reached XP level 6. HP: 39/39 MP: 6/6
  2752 | D:3      | Reached skill level 5 in Short Blades
  3724 | D:4      | Noticed Blork the orc
  3729 | D:4      | Killed Blork the orc
  3730 | D:4      | Reached XP level 7. HP: 45/45 MP: 7/7
  3910 | D:4      | Reached skill level 9 in Stealth
  4289 | D:4      | Found a runed translucent door.
  4290 | D:4      | Noticed Crazy Yiuf
  4645 | D:4      | Killed Crazy Yiuf
  4857 | D:5      | Entered Level 5 of the Dungeon
  5008 | D:5      | Noticed Ijyb
  5020 | D:5      | Killed Ijyb
  5121 | D:5      | Reached skill level 10 in Stealth
  5129 | D:5      | Reached XP level 8. HP: 15/50 MP: 8/8
  6168 | D:6      | Identified the +7 dagger of Circularity {vorpal, rN+}
  6210 | D:6      | Found a stormy altar of Qazlal.
  6240 | D:6      | Reached skill level 11 in Stealth
  6242 | D:6      | Identified a scroll of acquirement
  6243 | D:6      | Acquired a +2 quick blade
  6328 | D:6      | Found an iron altar of Okawaru.
  6338 | D:6      | Noticed Eustachio
  6570 | D:6      | Killed Eustachio
  7157 | D:6      | Reached skill level 12 in Stealth
  7157 | D:6      | Reached XP level 9. HP: 20/54 MP: 9/9
  7525 | D:6      | Identified the ring of Seapta Weorr {Ice rElec rN+ Slay+3}
  7858 | D:7      | Reached skill level 1 in Evocations
  8201 | D:6      | HP: 2/54 [killer bee (2)]
  8204 | D:6      | Mangled by a killer bee

Illustrated notes

Levels and vault maps discovered:
D:1:      minmay_arrival_plants_in_alcoves, layout_basic,
          dreamdust_ecumenical_altar_grove
D:2:      layout_loops_cross, serial_forest, infiniplex_forest_lined_corner,
          infiniplex_forest_corner_1, infiniplex_forest_lined_1,
          infiniplex_forest_clump_tiny, infiniplex_forest_3_way,
          infiniplex_forest_straight_2, infiniplex_forest_straight_2,
          infiniplex_forest_zigzag_1, minmay_misc_feat_encased, uniq_jessica,
          uniq_sigmund
D:3:      layout_basic
D:4:      layout_loops_cross, corexii_item_surrounded_by_moat,
          minmay_goblin_outpost, uniq_blork_the_orc, uniq_crazy_yiuf_cottage
D:5:      layout_basic, kennysheep_generic_room_3, uniq_ijyb
D:6:      layout_loops_corners, mainiacjoe_overflow_six_doors_small,
          nicolae_qazlal_general_emergency, uniq_eustachio
D:7:      layout_loops_ring, minmay_temple_entry_purple_smoke

Skill      XL: |  1  2  3  4  5  6  7  8  9 |
---------------+----------------------------+-----
Stealth        | 6 7 8 10 12 | 12.8
Short Blades   | 4 5 6 8 |  8.8
Evocations     | 2 |  2.1
Fighting       | |  2.0
Throwing       | |  2.0
Dodging        | |  1.0

Action                   |  1- 3 |  4- 6 |  7- 9 || total
-------------------------+-------+-------+-------++-------
Melee: Dagger            |    45 |    52 |   205 ||   302
       Tentacles         |     9 |     8 |    45 ||    62
       Constrict         |     9 |     6 |    50 ||    65
Throw: Dart              |       |       |     3 ||     3
Evoke: Wand              |       |       |     3 ||     3
  Use: Scroll            |     2 |     3 |     6 ||    11
       Potion            |       |       |     6 ||     6
 Stab: Sleeping          |    11 |    14 |    18 ||    43
       Distracted        |       |       |     1 ||     1
Armor: Skin              |     1 |       |     8 ||     9
Dodge: Dodged            |    14 |    18 |    88 ||   120
Block: Other             |       |     2 |    29 ||    31
